 Dungeon Crawl Stone Soup version 0.29.1-13-g9f3cf754e1 (webtiles) character file.

Game seed: 9640183687382631059

2 H0rd4k the Charlatan (level 1, -3/13 HPs)
             Began as an Octopode Artificer on Feb 6, 2023.
             Slain by a quokka (4 damage)
             ... on level 1 of the Dungeon.
             The game lasted 00:00:10 (64 turns).

H0rd4k the Charlatan (Octopode Artificer)             Turns: 64, Time: 00:00:10

Health: -3/13      AC:  1    Str: 11    XL:     1   Next: 30%
Magic:  1/1        EV: 13    Int: 13    God:
Gold:   0          SH:  0    Dex: 12    Spells: 0/0 levels left

rFire   . . .      SeeInvis .   (no weapon)
rCold   . . .      Faith    .   (no shield)
rNeg    . . .      Spirit   .   (helmet restricted)
rPois   .          Reflect  .   (no amulet)
rElec   .          Harm     .   (no ring)
rCorr   .          Rampage  .   (no ring)
Will    .....                   (no ring)
Stlth   +++.......              (no ring)
HPRegen 0.04/turn               (no ring)
MPRegen 0.07/turn               (no ring)
                                (no ring)
                                (no ring)

@: no status effects
A: almost no armour, amphibious, 8 rings, camouflage 1, gelatinous body 1,
(nimble swimmer 1), tentacles
a: no special abilities


You were on level 1 of the Dungeon.
You visited 1 branch of the dungeon, and saw 1 of its levels.

Inventory:

Wands
 b - a wand of flame (15) (quivered)
 c - a wand of charming (15)
 d - a wand of iceblast (5)


   Skills:
 * Level 1.3 Fighting
 - Level 2.3 Dodging
 - Level 1.3 Stealth
 - Level 3.2 Evocations


You couldn't memorise any spells.
You didn't know any spells.
Your spell library was empty.

Dungeon Overview and Level Annotations

Branches:
Dungeon (1/15)

Altars:


Innate Abilities, Weirdness & Mutations

You cannot wear most types of armour.
You are amphibious.
You can wear up to eight rings at the same time.
Your skin changes colour to match your surroundings (Stealth+).
Your rubbery body absorbs attacks. (AC +1, EV +1)
((You are camouflaged when in or above water. (Stealth+)))
You have tentacles for arms and can constrict up to eight enemies at once.


Message History

The kobold hits you with a +0 club.
You closely miss the kobold.
The frilled lizard hisses angrily.
Your grab misses the kobold. Your squeeze misses the kobold.
The kobold closely misses you.
You barely miss the kobold. You grab the kobold. You constrict the kobold.
The kobold hits you with a +0 club.
You tentacle-slap the kobold but do no damage.
The kobold is moderately wounded.
You constrict the kobold. The kobold hits you with a +0 club.
You are too injured to fight recklessly!
You are too injured to fight recklessly!
You are too injured to fight recklessly!
You are too injured to fight recklessly!
There are monsters nearby!
You are too injured to fight recklessly!
There are monsters nearby!
There are monsters nearby!
You are too injured to fight recklessly!
You are too injured to fight recklessly!
You tentacle-slap the kobold.
The kobold is severely wounded.
You constrict the kobold.
You kill the kobold!
The frilled lizard bites you.
* * * LOW HITPOINT WARNING * * *
Unknown command.
You miss the frilled lizard. Your grab misses the frilled lizard.
Your squeeze misses the frilled lizard. The quokka misses you.
The frilled lizard closely misses you.
You tentacle-slap the frilled lizard.
You kill the frilled lizard!
The quokka bites you.
* * * LOW HITPOINT WARNING * * *
You tentacle-slap the quokka but do no damage.
You grab the quokka. You constrict the quokka. The quokka closely misses you.
You tentacle-slap the quokka but do no damage.
The quokka is heavily wounded.
You constrict the quokka. The quokka bites you.
You die...

.# .# . .#
..
#####.##.#
#........#
#........#
#...)....#
#..@†....#
#...r...[..
#.#####....
#.# ... #.#
. ##.# #..#
#..#
####..####


You could see a quokka.

Vanquished Creatures
  A kobold (D:1)
  A frilled lizard (D:1)
2 creatures vanquished.

Notes
Turn   | Place    | Note
-------+----------+-------------------------------------------
     0 | D:1      | H0rd4k the Octopode Artificer began the quest for the Orb.
     0 | D:1      | Reached XP level 1. HP: 13/13 MP: 1/1
    64 | D:1      | Slain by a quokka

Illustrated notes

Levels and vault maps discovered:
D:1:      evilmike_arrival_crescent, layout_basic, st_stairs_13

Action                   || total
-------------------------++-------
Melee: Unarmed           ||     8
       Constrict         ||     2
Dodge: Dodged            ||     5
